 Dungeon Sprint DCSS version 0.30-a0-802-gb92711bcdf (webtiles) character file.

Game seed: 11015323685236080280

16138 BigDaddyOpFi the End of an Era (level 12, 0/94 HPs)
             Began as an Octopode Fighter on Feb 24, 2023.
             Was the Champion of Qazlal.
             Killed from afar by an iron dragon (35 damage)
             ... with a spray of metal splinters
             ... in the Dungeon (Sprint VII: "The Pits").
             The game lasted 00:04:16 (2204 turns).

BigDaddyOpFi the End of an Era (Octopode Fighter)   Turns: 2204, Time: 00:04:16

Health: 0/94       AC:  5    Str: 22    XL:     12   Next: 34%
Magic:  4/25       EV: 19    Int: 12    God:    Qazlal [******]
Gold:   47         SH: 17    Dex: 14    Spells: 11/11 levels left

rFire   . . .      SeeInvis .    m - +5 broad axe (freeze)
rCold   . . .      Faith    .    b - +2 buckler
rNeg    . . .      Spirit   .    n - +1 hat {Will+}
rPois   +          Reflect  .    (no amulet)
rElec   .          Harm     .    c - +3 ring of strength
rCorr   .          Rampage  .    f - +3 ring of dexterity
Will    +....      NoTele   +    p - ring of poison resistance
Stlth   +                        (no ring)
HPRegen 0.35/turn                (no ring)
MPRegen 0.19/turn                (no ring)
                                 (no ring)
                                 (no ring)

@: protected from physical damage, repel missiles
A: almost no armour, amphibious, 8 rings, camouflage 1, gelatinous body 1,
(nimble swimmer 1), tentacles
a: Renounce Religion, Upheaval, Elemental Force, Disaster Area


You were in the Dungeon.
You worshipped Qazlal.
Qazlal was exalted by your worship.
You visited 1 branch You collected 47 gold pieces.

Inventory:

Hand Weapons
 m - a +5 broad axe of freezing (weapon)
Missiles
 r - 2 throwing nets (quivered)
Armour
 b - a +2 buckler (worn)
 n - a +1 hat of willpower (worn)
Jewellery
 c - a +3 ring of strength (left tentacle)
 f - a +3 ring of dexterity (right tentacle)
 p - a ring of poison resistance (on tentacle)
Scrolls
 i - 3 scrolls of blinking
 o - a scroll of identify
 q - a scroll of magic mapping
 t - 2 scrolls of fear
 v - 2 scrolls of fog
Potions
 a - a potion of cancellation {unknown}
 d - 6 potions of heal wounds
 e - 4 potions of curing
 g - 5 potions of magic
 h - 4 potions of berserk rage
 j - 2 potions of invisibility
 k - 2 potions of might
 l - 2 potions of haste
 s - 3 potions of brilliance


   Skills:
 + Level 13.4 Fighting
 + Level 13.1 Axes
 + Level 13.2 Dodging
 + Level 13.3 Shields
 * Level 19.4 Invocations


You had 11 spell levels left.
You didn't know any spells.
Your spell library contained the following spells:

 Spells                   Type           Power      Damage    Failure   Level
 Apportation              Tloc           0%         N/A       36%         1
 Necrotise                Necr           0%         1d4       36%         1
 Summon Small Mammal      Summ           0%         N/A       36%         1


Dungeon Overview and Level Annotations

Branches:
Dungeon (1/1)

Altars:
Ashenzari
Cheibriados
Dithmenos
Elyvilon
Fedhas
Gozag
Hepliaklqana
Kikubaaqudgha
Makhleb
Nemelex Xobeh
Okawaru
Qazlal
Ru
Sif Muna
Trog
Uskayaw
Vehumet
Wu Jian
Xom
Yredelemnul
Zin
The Shining One
Jiyva
Lugonu


Innate Abilities, Weirdness & Mutations

You cannot wear most types of armour.
You are amphibious.
You can wear up to eight rings at the same time.
Your skin changes colour to match your surroundings (Stealth+).
Your rubbery body absorbs attacks. (AC +1, EV +1)
((You are camouflaged when in or above water. (Stealth+)))
You have tentacles for arms and can constrict up to eight enemies at once.


Message History

The minotaur completely misses you. The minotaur gores you!
You hit the minotaur. You freeze the minotaur.
Your squeeze misses the minotaur.
The minotaur is almost dead.
You constrict the minotaur. You block the minotaur's attack. x2
You hit the minotaur but do no damage.
The minotaur is almost dead.
You constrict the minotaur, but do no damage.
The minotaur is engulfed in freezing vapours.
The minotaur misses you. x2
You slash the minotaur! You freeze the minotaur.
You kill the minotaur!
Qazlal accepts your kill.
The iron dragon breathes metal splinters at you.
The spray of metal splinters misses you.
The iron dragon completely misses you. You block the iron dragon's attack. x2
There is an open door, spattered with blood here.
Things that are here:
5 javelins; a +0 plate armour You hit the iron dragon.
The iron dragon is heavily wounded.
The iron dragon bites you! The iron dragon misses you.
The iron dragon tramples you.
You stumble backwards!
You hit the iron dragon.
The iron dragon is heavily wounded.
You hit the iron dragon but do no damage.
The iron dragon is heavily wounded.
The iron dragon bites you!! You block the iron dragon's attack.
The iron dragon completely misses you.
You hit the iron dragon but do no damage.
The iron dragon is heavily wounded.
You block the iron dragon's attack. The iron dragon closely misses you.
The iron dragon tramples you.
You stumble backwards!
Activating: Disaster Area (0% risk of failure)
Press: ? - help, Dir - look around, f - activate Nature churns violently around you!
The iron dragon breathes metal splinters at you.
The spray of metal splinters hits you!!
You feel protected from physical attacks.
You die...

#..........#
#≈.#....#..#
+.≈.....§.§#
+.≈.≈≈..§§.#
#..#≈.≈.#§§#
#.≈≈≈≈≈....+
#....☼≈....+
###○'####''#
###@'####''#########
#..D☼..##...........
#.#(##.##...........
#.#||'.##..#########
# +})#.##..# #)§'
##..# #++##########
+)§#. #..#
........##..#
##+#.##..#
.#......##..# ##..#


You could see an iron dragon (catching breath).

Vanquished Creatures
  A sphinx (D)
  Gastronok (D)
  Aizul (D)
  A minotaur (D)
  Harold (D)
  A boulder beetle (D)
  A salamander mystic (D)
  A sea snake (D)
  A shadow wraith (D)
  A flayed ghost (D)
  A deep troll (D)
  A necromancer (D)
  A deep elf zephyrmancer (D)
  A manticore (D)
  A naga mage (D)
  A smoke demon (D)
  A guardian serpent (D)
  A molten gargoyle (D)
  A cane toad (D)
  A yaktaur (D)
  An ice devil (D)
  2 komodo dragons (D)
  A merfolk (D)
  A troll (D)
  A red devil (D)
  A hellwing (D)
  3 hornets (D)
  A snapping turtle (D)
  Sigmund (D)
  A vampire (D)
  A fire bat (D)
  A wraith (D)
  A wyvern (D)
  Eustachio (D)
  4 vampire mosquitoes (D)
  A chaos spawn (D)
  A warg (D)
  2 nagas (D)
  A floating eye (D)
  An acid dragon (D)
  A swamp drake (D)
  4 wolves (D)
  4 centaurs (D)
  A kobold brigand (D)
  2 necrophages (D)
  A scorpion (D)
  A crimson imp (D)
  3 orc priests (D)
  2 gnoll boudas (D)
  An iguana (D)
  An orc wizard (D)
  A mummy (D)
  2 adders (D)
  4 gnolls (D)
  3 river rats (D)
  A white imp (D)
  3 ufetubi (D)
  2 adder skeletons (D)
  An adder simulacrum (D)
  4 orcs (D)
  A bat skeleton (D)
  A giant cockroach (D)
  2 hobgoblins (D)
  2 kobolds (D)
  2 ball pythons (D)
  A ball python zombie (D)
  A frilled lizard (D)
99 creatures vanquished.

Notes
Turn   | Place    | Note
-------+----------+-------------------------------------------
     0 | D        | BigDaddyOpFi the Octopode Fighter began the quest for the
                  | Orb.
     0 | D        | Reached XP level 1. HP: 16/16 MP: 1/1
    13 | D        | Reached XP level 2. HP: 21/21 MP: 2/2
    17 | D        | Found a bloodstained altar of Trog.
    17 | D        | Found a shimmering blue altar of Sif Muna.
    17 | D        | Found a viscous altar of Jiyva.
    17 | D        | Found a hazy altar of Hepliaklqana.
    17 | D        | Found an opulent altar of Gozag.
    18 | D        | Found a glowing golden altar of the Shining One.
    18 | D        | Found a glowing silver altar of Zin.
    18 | D        | Found a basalt altar of Yredelemnul.
    18 | D        | Found a shimmering altar of Xom.
    18 | D        | Found an ornate altar of the Wu Jian Council.
    18 | D        | Found a sacrificial altar of Ru.
    18 | D        | Found a stormy altar of Qazlal.
    18 | D        | Found an iron altar of Okawaru.
    18 | D        | Found a sparkling altar of Nemelex Xobeh.
    18 | D        | Found a burning altar of Makhleb.
    18 | D        | Found a blossoming altar of Fedhas.
    18 | D        | Found a white marble altar of Elyvilon.
    18 | D        | Found a shadowy altar of Dithmenos.
    18 | D        | Found a snail-covered altar of Cheibriados.
    19 | D        | Found a radiant altar of Vehumet.
    19 | D        | Found a corrupted altar of Lugonu.
    20 | D        | Found an ancient bone altar of Kikubaaqudgha.
    20 | D        | Found a hide-covered altar of Uskayaw.
    20 | D        | Found a broken altar of Ashenzari.
    23 | D        | Became a worshipper of Qazlal Stormbringer
    45 | D        | Noticed a floating eye
    48 | D        | Killed a floating eye
    49 | D        | Reached skill level 5 in Shields
    49 | D        | Reached skill level 5 in Invocations
    49 | D        | Reached XP level 3. HP: 28/28 MP: 2/6
    49 | D        | Reached XP level 4. HP: 34/34 MP: 2/7
   199 | D        | Noticed a scorpion
   206 | D        | Killed a scorpion
   207 | D        | Reached skill level 5 in Fighting
   207 | D        | Reached skill level 5 in Dodging
   207 | D        | Reached skill level 6 in Invocations
   207 | D        | Reached XP level 5. HP: 33/39 MP: 7/9
   207 | D        | Reached * piety under Qazlal
   216 | D        | Noticed a kobold brigand
   219 | D        | Reached ** piety under Qazlal
   220 | D        | Killed a kobold brigand
   221 | D        | Reached skill level 5 in Axes
   221 | D        | Reached skill level 7 in Invocations
   221 | D        | Reached XP level 6. HP: 36/46 MP: 8/11
   326 | D        | Noticed Sigmund
   331 | D        | Reached *** piety under Qazlal
   335 | D        | Killed Sigmund
   336 | D        | Reached skill level 8 in Invocations
   336 | D        | Reached XP level 7. HP: 53/53 MP: 11/13
   344 | D        | Reached skill level 9 in Invocations
   347 | D        | Reached **** piety under Qazlal
   360 | D        | Noticed a hornet
   365 | D        | Killed a hornet
   366 | D        | Reached skill level 10 in Invocations
   374 | D        | Reached ***** piety under Qazlal
   385 | D        | Reached XP level 8. HP: 60/61 MP: 15/15
   489 | D        | Reached skill level 11 in Invocations
   656 | D        | Noticed a flayed ghost
   658 | D        | Noticed an ice devil
   660 | D        | Killed an ice devil
   666 | D        | Killed a flayed ghost
   667 | D        | Reached skill level 12 in Invocations
   667 | D        | Reached XP level 9. HP: 43/68 MP: 9/18
   891 | D        | Noticed a komodo dragon
   892 | D        | Noticed a troll
   897 | D        | Killed a troll
   897 | D        | Reached ****** piety under Qazlal
   898 | D        | Reached skill level 13 in Invocations
   900 | D        | Killed a komodo dragon
   918 | D        | Noticed a merfolk
   918 | D        | Noticed a deep troll
   919 | D        | Killed a deep troll
   920 | D        | Reached skill level 14 in Invocations
   928 | D        | Reached skill level 10 in Shields
   928 | D        | Reached XP level 10. HP: 68/76 MP: 12/20
   930 | D        | Reached skill level 10 in Fighting
   930 | D        | Reached skill level 10 in Dodging
   930 | D        | Noticed Eustachio
   931 | D        | Noticed a cane toad
   934 | D        | Noticed a sea snake
   938 | D        | Killed a cane toad
   939 | D        | Reached skill level 10 in Axes
   941 | D        | Killed Eustachio
   943 | D        | Killed a sea snake
   944 | D        | Reached skill level 15 in Invocations
   981 | D        | Noticed Gastronok
   989 | D        | Noticed a sphinx
   989 | D        | Noticed a deep elf zephyrmancer
   990 | D        | Killed a deep elf zephyrmancer
   990 | D        | Killed a sphinx
   991 | D        | Reached skill level 16 in Invocations
   994 | D        | Killed Gastronok
   995 | D        | Reached XP level 11. HP: 47/83 MP: 14/23
  1140 | D        | Noticed a boulder beetle
  1142 | D        | Reached skill level 17 in Invocations
  1143 | D        | Noticed a manticore
  1152 | D        | Killed a manticore
  1165 | D        | Killed a boulder beetle
  1541 | D        | Noticed a necromancer
  1546 | D        | Noticed Harold
  1548 | D        | Killed a necromancer
  1548 | D        | Killed Harold
  1549 | D        | Reached skill level 18 in Invocations
  2084 | D        | Killed a shadow wraith
  2085 | D        | Reached XP level 12. HP: 57/92 MP: 25/25
  2185 | D        | Noticed Aizul
  2185 | D        | Noticed an iron dragon
  2185 | D        | Noticed a minotaur
  2193 | D        | Reached skill level 19 in Invocations
  2194 | D        | Killed Aizul
  2198 | D        | Killed a minotaur
  2204 | D        | Killed from afar by an iron dragon

Illustrated notes

Levels and vault maps discovered:
D:        pitsprint [storerooms_1, entrance_room_1, metal_vault_4, armoury_2,
          mini_pit_1, grid_room_1, main_hall_1, silver_pit, the_coven_3,
          the_vestibule_1, steel_vault_1, golden_pit, hallway_of_sentries,
          crystal_vault_2, iron_vault_4, final_vault]

Skill      XL: |  1  2  3  4  5  6  7  8  9 10 11 12 |
---------------+-------------------------------------+-----
Fighting       | 4 5 6 7 9 11 12 13 | 13.4
Axes           | 4 5 6 7 8 9 11 12 13 | 13.1
Dodging        | 4 5 6 7 8 9 11 12 13 | 13.2
Shields        | 5 6 7 9 10 11 12 13 | 13.3
Invocations    | 5 6 7 8 10 12 14 16 18 19 | 19.4

Action                     |  1- 3 |  4- 6 |  7- 9 | 10-12 || total
---------------------------+-------+-------+-------+-------++-------
  Melee: War axe           |     4 |    21 |    28 |       ||    53
         Constrict         |     1 |     2 |    13 |    10 ||    26
         Tentacles         |       |     4 |    15 |    30 ||    49
         Punch             |       |       |     2 |       ||     2
         Broad axe         |       |       |    21 |    86 ||   107
 Invoke: Disaster Area     |       |       |     3 |     8 ||    11
    Use: Potion            |       |     5 |     4 |     8 ||    17
         Scroll            |       |       |       |     6 ||     6
 Armour: Skin              |       |     2 |     2 |     2 ||     6
  Dodge: Dodged            |       |    21 |    41 |    50 ||   112
         Repelled          |       |       |       |     1 ||     1
  Block: Buckler           |     1 |     9 |    41 |    90 ||   141

Table legend: (Time is in decaauts)
 A = Elapsed time spent in this place.
 B = Non-inter-level travel time spent in this place.
 C = Inter-level travel time spent in this place.
 D = Time resting spent in this place.
 E = Time spent auto-exploring this place.
 F = Levels seen in this place.
 G = Mean time per level.
                   A        B        C        D        E       F      G
               +--------+--------+--------+--------+--------+-----+--------+
         Total |   2235 |   2132 |    103 |   1470 |      0 |   1 | 2235.0 |
       Dungeon |   2235 |   2132 |    103 |   1470 |      0 |   1 | 2235.0 |
               +--------+--------+--------+--------+--------+-----+--------+

Top non-repeatable levels by time:
       D: 2235 daAuts
